ATL
LANCASTER BARNSTORMERS @ YORK REVOLUTION
12/09/2068
 
TOP OF THE 1ST
Southern Maryland Blue Crabs batting - Pitching for York Revolution : RHP Brandon Harvey
Pitching: RHP Brandon Harvey
Batting: RHB Hector Mendez 0-0: Called Strike
0-1: Ball
1-1: Swinging Strike
1-2: Strikes out swinging
Batting: LHB Javy Montejano 0-0: Foul Ball, location: 2F
0-1: Called Strike
0-2: Strikes out swinging
Batting: LHB Rick Tierney 0-0: Ball
1-0: Foul Ball, location: 2F
1-1: Ground out 4-3 (Groundball, 4, EV 85.6 MPH)
Top of the 1st over - 0 runs, 0 hits, 0 errors, 0 left on base; Southern Maryland 0 - York 0
BOTTOM OF THE 1ST
York Revolution batting - Pitching for Southern Maryland Blue Crabs : RHP Joe Alexander
Pitching: RHP Joe Alexander
Batting: RHB Bernardo Ferros 0-0: Ball
1-0: Ground out 5-3 (Groundball, 5L, EV 78.8 MPH)
Batting: RHB Colin Thompson 0-0: Ball
1-0: Swinging Strike
1-1: Foul Ball, location: 2F
1-2: Ball
2-2: Strikes out swinging
Batting: LHB Michael Berryman 0-0: Swinging Strike
0-1: Ball
1-1: Swinging Strike
1-2: Foul Ball, location: 2F
1-2: Fly out, F8 (Flyball, 8RM, EV 87.5 MPH)
Bottom of the 1st over - 0 runs, 0 hits, 0 errors, 0 left on base; Southern Maryland 0 - York 0
TOP OF THE 2ND
Southern Maryland Blue Crabs batting - Pitching for York Revolution : RHP Brandon Harvey
Batting: LHB Juan Valentin 0-0: Ball
1-0: Foul Ball, location: 2F
1-1: Foul Ball, location: 2F
1-2: Ball
2-2: Ball
3-2: Strikes out swinging
Batting: SHB Mike Rivera 0-0: Ball
1-0: Ball
2-0: Foul Ball, location: 2F
2-1: Foul Ball, location: 2F
2-2: Foul Ball, location: 2F
2-2: Foul Ball, location: 2F
2-2: Strikes out looking
Batting: RHB Dan Pulju 0-0: Ball
1-0: Swinging Strike
1-1: Ball
2-1: SOLO HOME RUN (Flyball, 7D, EV 103.8 MPH), Distance : 390 ft
Batting: LHB Andy McClary 0-0: Fly out, F8 (Flyball, 8LD, EV 101.9 MPH)
Top of the 2nd over - 1 run, 1 hit, 0 errors, 0 left on base; Southern Maryland 1 - York 0
BOTTOM OF THE 2ND
York Revolution batting - Pitching for Southern Maryland Blue Crabs : RHP Joe Alexander
Batting: RHB Robby Murillo 0-0: Foul Ball, location: 2F
0-1: Ball
1-1: Ground out 6-3 (Groundball, 6, EV 80.6 MPH)
Batting: RHB Erik Martin 0-0: Foul Ball, location: 2F
0-1: Called Strike
0-2: Strikes out swinging
Batting: RHB Gary Geisler 0-0: Called Strike
0-1: Called Strike
0-2: Ball
1-2: Ball
2-2: Foul Ball, location: 2F
2-2: SOLO HOME RUN (Flyball, 78XD, EV 99.4 MPH), Distance : 451 ft
Batting: RHB Isaiah Newman 0-0: Foul Ball, location: 2F
0-1: Ground out 4-3 (Groundball, 4S, EV 87.5 MPH)
Bottom of the 2nd over - 1 run, 1 hit, 0 errors, 0 left on base; Southern Maryland 1 - York 1
TOP OF THE 3RD
Southern Maryland Blue Crabs batting - Pitching for York Revolution : RHP Brandon Harvey
Batting: RHB Dustan Hughes 0-0: Called Strike
0-1: Ball
1-1: Ground out 5-3 (Groundball, 56S, EV 93.1 MPH)
Batting: RHB Zach Harbrecht 0-0: Ground out U3 (Groundball, 34S, EV 85.6 MPH)
Batting: RHB Hector Mendez 0-0: Ball
1-0: Ground out 6-3 (Groundball, 6, EV 86.9 MPH)
Top of the 3rd over - 0 runs, 0 hits, 0 errors, 0 left on base; Southern Maryland 1 - York 1
BOTTOM OF THE 3RD
York Revolution batting - Pitching for Southern Maryland Blue Crabs : RHP Joe Alexander
Batting: RHB Jeff Andrews Jr. 0-0: Ball
1-0: Foul Ball, location: 2F
1-1: Ball
2-1: Fly out, F9 (Flyball, 9D, EV 100.6 MPH)
Batting: RHB Ken Parsons 0-0: Foul Ball, location: 2F
0-1: Called Strike
0-2: Foul Ball, location: 2F
0-2: DOUBLE (Flyball, 78XD, EV 101.9 MPH)
Batting: RHB Bernardo Ferros 0-0: Ball
1-0: Called Strike
1-1: Ground out 6-3 (Groundball, 6, EV 109.4 MPH)
Batting: RHB Colin Thompson 0-0: Ball
1-0: Ball
2-0: Ball
3-0: DOUBLE (Line Drive, 8LXD, EV 113.8 MPH)
Ken Parsons scores
Batting: LHB Michael Berryman 0-0: Called Strike
0-1: Foul Ball, location: 2F
0-2: Ball
1-2: DOUBLE (Flyball, 8LXD, EV 105.0 MPH)
Colin Thompson scores
Batting: RHB Robby Murillo 0-0: Called Strike
0-1: Ball
1-1: 2-RUN HOME RUN (Flyball, 78XD, EV 92.5 MPH), Distance : 421 ft
Batting: RHB Erik Martin 0-0: Foul Ball, location: 2F
0-1: Ball
1-1: SINGLE (Groundball, 56D, EV 108.1 MPH)
Batting: RHB Gary Geisler 0-0: Called Strike
0-1: Ball
1-1: Ball
2-1: Foul Ball, location: 2F
2-2: Fly out, F9 (Line Drive, 9, EV 89.4 MPH)
Bottom of the 3rd over - 4 runs, 5 hits, 0 errors, 1 left on base; Southern Maryland 1 - York 5
TOP OF THE 4TH
Southern Maryland Blue Crabs batting - Pitching for York Revolution : RHP Brandon Harvey
Batting: LHB Javy Montejano 0-0: Called Strike
0-1: SOLO HOME RUN (Line Drive, 9LD, EV 105.6 MPH), Distance : 387 ft
Batting: LHB Rick Tierney 0-0: Fly out, F8 (Flyball, 8LM, EV 92.5 MPH)
Batting: LHB Juan Valentin 0-0: Foul Ball, location: 2F
0-1: Ball
1-1: Swinging Strike
1-2: Strikes out swinging
Batting: SHB Mike Rivera 0-0: Ball
1-0: Called Strike
1-1: Swinging Strike
1-2: Fly out, F9 (Flyball, 9S, EV 87.5 MPH)
Top of the 4th over - 1 run, 1 hit, 0 errors, 0 left on base; Southern Maryland 2 - York 5
BOTTOM OF THE 4TH
York Revolution batting - Pitching for Southern Maryland Blue Crabs : RHP Joe Alexander
Batting: RHB Isaiah Newman 0-0: Ground out 5-3 (Groundball, 56, EV 110.6 MPH)
Batting: RHB Jeff Andrews Jr. 0-0: Foul Ball, location: 2F
0-1: SINGLE (Groundball, 4M, EV 101.2 MPH) (infield hit)
Batting: RHB Ken Parsons 0-0: Foul Ball, location: 2F
0-1: Foul Ball, location: 2F
0-2: Ball
1-2: Ball
2-2: Ball
3-2: Foul Ball, location: 2F
3-2: Foul Ball, location: 2F
3-2: Base on Balls
Jeff Andrews Jr. to second
Pitching: RHP Leo Angeles
Batting: RHB Bernardo Ferros 0-0: Grounds into double play, 6-4-3 (Groundball, 6, EV 100.6 MPH)
Bottom of the 4th over - 0 runs, 1 hit, 0 errors, 1 left on base; Southern Maryland 2 - York 5
TOP OF THE 5TH
Southern Maryland Blue Crabs batting - Pitching for York Revolution : RHP Brandon Harvey
Batting: RHB Dan Pulju 0-0: Called Strike
0-1: Fly out, F9 (Flyball, 9LD, EV 78.1 MPH)
Batting: LHB Andy McClary 0-0: Called Strike
0-1: Foul Ball, location: 2F
0-2: Ball
1-2: Foul Ball, location: 2F
1-2: Ball
2-2: Ground out 5-3 (Groundball, 56, EV 102.5 MPH)
Batting: RHB Dustan Hughes 0-0: SINGLE (Line Drive, 89S, EV 94.4 MPH)
Batting: RHB Zach Harbrecht 0-0: Called Strike
0-1: Foul Ball, location: 2F
0-2: Foul Ball, location: 2F
0-2: Foul Ball, location: 2F
0-2: Ball
1-2: Strikes out swinging
Top of the 5th over - 0 runs, 1 hit, 0 errors, 1 left on base; Southern Maryland 2 - York 5
BOTTOM OF THE 5TH
York Revolution batting - Pitching for Southern Maryland Blue Crabs : RHP Leo Angeles
Batting: RHB Colin Thompson 0-0: Called Strike
0-1: Called Strike
0-2: Foul Ball, location: 2F
0-2: Strikes out swinging
Batting: LHB Michael Berryman 0-0: Ball
1-0: Foul Ball, location: 2F
1-1: Swinging Strike
1-2: Strikes out swinging
Batting: RHB Robby Murillo 0-0: Ball
1-0: Called Strike
1-1: Ball
2-1: Ball
3-1: Called Strike
3-2: Strikes out looking
Bottom of the 5th over - 0 runs, 0 hits, 0 errors, 0 left on base; Southern Maryland 2 - York 5
TOP OF THE 6TH
Southern Maryland Blue Crabs batting - Pitching for York Revolution : RHP Brandon Harvey
Batting: RHB Hector Mendez 0-0: Called Strike
0-1: Ball
1-1: Called Strike
1-2: Fly out, F7 (Flyball, 7D, EV 101.2 MPH)
Pitching: RHP Phil Bruin
Batting: LHB Javy Montejano 0-0: Ball
1-0: Fly out, F9 (Flyball, 89M, EV 73.1 MPH)
Batting: LHB Rick Tierney 0-0: Ball
1-0: Ball
2-0: Ball
3-0: Called Strike
3-1: Ground out U3 (Groundball, 3, EV 105.6 MPH)
Top of the 6th over - 0 runs, 0 hits, 0 errors, 0 left on base; Southern Maryland 2 - York 5
BOTTOM OF THE 6TH
York Revolution batting - Pitching for Southern Maryland Blue Crabs : RHP Leo Angeles
Batting: RHB Erik Martin 0-0: Ball
1-0: Foul Ball, location: 2F
1-1: Swinging Strike
1-2: Strikes out swinging
Batting: RHB Gary Geisler 0-0: Swinging Strike
0-1: Swinging Strike
0-2: Foul Ball, location: 2F
0-2: Ball
1-2: Strikes out swinging
Batting: RHB Isaiah Newman 0-0: Ground out 6-3 (Groundball, 6, EV 76.9 MPH)
Bottom of the 6th over - 0 runs, 0 hits, 0 errors, 0 left on base; Southern Maryland 2 - York 5
TOP OF THE 7TH
Southern Maryland Blue Crabs batting - Pitching for York Revolution : RHP Phil Bruin
Batting: LHB Juan Valentin 0-0: Foul Ball, location: 2F
0-1: Swinging Strike
0-2: Ball
1-2: Ball
2-2: Strikes out looking
Batting: SHB Mike Rivera 0-0: Called Strike
0-1: Ball
1-1: Called Strike
1-2: Strikes out looking
Batting: RHB Dan Pulju 0-0: Ball
1-0: Swinging Strike
1-1: Foul Ball, location: 2F
1-2: Strikes out swinging
Top of the 7th over - 0 runs, 0 hits, 0 errors, 0 left on base; Southern Maryland 2 - York 5
BOTTOM OF THE 7TH
York Revolution batting - Pitching for Southern Maryland Blue Crabs : RHP Leo Angeles
Batting: RHB Jeff Andrews Jr. 0-0: Called Strike
0-1: Bunt for hit to 3S - play at first, batter OUT! 3-4
Batting: RHB Ken Parsons 0-0: Called Strike
0-1: Swinging Strike
0-2: Ball
1-2: Ground out 6-3 (Groundball, 6, EV 82.5 MPH)
Batting: RHB Bernardo Ferros 0-0: Ball
1-0: Fly out, F8 (Line Drive, 8LD, EV 87.5 MPH)
Bottom of the 7th over - 0 runs, 0 hits, 0 errors, 0 left on base; Southern Maryland 2 - York 5
TOP OF THE 8TH
Southern Maryland Blue Crabs batting - Pitching for York Revolution : RHP Phil Bruin
Batting: LHB Andy McClary 0-0: Swinging Strike
0-1: Ball
1-1: Ball
2-1: Foul Ball, location: 2F
2-2: Ball
3-2: Foul Ball, location: 2F
3-2: Strikes out swinging
Batting: RHB Dustan Hughes 0-0: Foul Ball, location: 2F
0-1: Called Strike
0-2: Ball
1-2: Foul Ball, location: 2F
1-2: Strikes out looking
Batting: RHB Zach Harbrecht 0-0: SINGLE (Groundball, 56D, EV 102.5 MPH)
Batting: RHB Hector Mendez 0-0: Ball
1-0: Fly out, F8 (Flyball, 8RXD, EV 105.6 MPH)
Top of the 8th over - 0 runs, 1 hit, 0 errors, 1 left on base; Southern Maryland 2 - York 5
BOTTOM OF THE 8TH
York Revolution batting - Pitching for Southern Maryland Blue Crabs : RHP Leo Angeles
Batting: RHB Colin Thompson 0-0: Called Strike
0-1: Swinging Strike
0-2: Strikes out swinging
Batting: LHB Michael Berryman 0-0: Called Strike
0-1: Fly out, F8 (Flyball, 78D, EV 83.8 MPH)
Batting: RHB Robby Murillo 0-0: Called Strike
0-1: SINGLE (Groundball, 56D, EV 97.5 MPH)
Batting: RHB Erik Martin 0-0: Ground out 4-3 (Groundball, 4S, EV 87.5 MPH)
Bottom of the 8th over - 0 runs, 1 hit, 0 errors, 1 left on base; Southern Maryland 2 - York 5
TOP OF THE 9TH
Southern Maryland Blue Crabs batting - Pitching for York Revolution : RHP Phil Bruin
Pitching: LHP Kevin Williford
Batting: LHB Javy Montejano 0-0: Foul Ball, location: 2F
0-1: Swinging Strike
0-2: Strikes out swinging
Batting: LHB Rick Tierney 0-0: Ball
1-0: Foul Ball, location: 2F
1-1: Called Strike
1-2: Foul Ball, location: 2F
1-2: Ball
2-2: Hit by Pitch
Batting: LHB Juan Valentin 0-0: Ball
1-0: Swinging Strike
1-1: Swinging Strike
1-2: Strikes out looking
Batting: SHB Mike Rivera 0-0: Foul Ball, location: 2F
0-1: Ball
1-1: Foul Ball, location: 2F
1-2: Strikes out swinging
Top of the 9th over - 0 runs, 0 hits, 0 errors, 1 left on base; Southern Maryland 2 - York 5
Thursday, July 1st , 2021 - OOTP Baseball 22.6 Build 56